 Dungeon Crawl Stone Soup version 0.29.0-4-gdea44cf6ec (webtiles) character file.

Game seed: 12673461232091293101

196134 qw the Wrestler (level 17, -22/166 HPs)
             Began as a Troll Cinder Acolyte on Aug 31, 2022.
             Was a High Priest of Okawaru.
             Killed from afar by a shock serpent (25 damage)
             ... with a bolt of electricity
             ... on level 1 of the Snake Pit.
             The game lasted 00:17:54 (28954 turns).

qw the Wrestler (Troll Cinder Acolyte)             Turns: 28954, Time: 00:17:54

Health: -22/166    AC: 29    Str: 31 (32) XL:     17   Next: 73%
Magic:  20/21      EV:  8    Int:  6      God:    Okawaru [*****.]
Gold:   2389       SH: 19    Dex:  5      Spells: 18/18 levels left

rFire   + + .      SeeInvis .     - Unarmed
rCold   x . .      Faith    .   u - +2 kite shield
rNeg    . . .      Spirit   .   m - +6 fire dragon scales of the Alphagorgon {rPois rF++ rC-}
rPois   +          Reflect  +   B - +2 hat
rElec   .          Harm     .   h - +2 cloak
rCorr   .          Rampage  .   (gloves unavailable)
Will    +....                   (boots unavailable)
Stlth   +.........              a - amulet of reflection
HPRegen 1.17/turn               l - +4 ring of protection
MPRegen 0.17/turn               p - +4 ring of slaying {mikee}

@: heroic
A: large, unfitting armour, claws 3, regeneration 1, shaggy fur 1, tough skin 1,
deterioration 1, dopey 2, low MP 1, mutation resistance 1
}: 1/15 runes: barnacled
a: Renounce Religion, Heroism, Finesse, Duel


You were on level 1 of the Snake Pit.
You worshipped Okawaru.
Okawaru was extremely pleased with you.
You visited 6 branches of the dungeon, and saw 28 of its levels.
You visited the Abyss 1 time.

You collected 4618 gold pieces.
You spent 2229 gold pieces at shops.


Innate Abilities, Weirdness & Mutations

You are too large for most types of armour.
You have claws for hands.
Your natural rate of healing is unusually fast.
You are covered in fur. (AC +1)
You have tough skin. (AC +1)
Your body sometimes deteriorates upon taking damage.
You are very dopey. (Int -4)
Your magical capacity is low. (-10% MP)
You are somewhat resistant to further mutation.


   Skills:
 - Level 10.0(15.0) Fighting
 - Level 9.0(14.0) Throwing
 - Level 6.0(11.0) Armour
 - Level 2.1(7.1) Dodging
 + Level 13.7(18.7) Shields
 - Level 22.0(27) Unarmed Combat
 - Level 1.0 Spellcasting
 - Level 2.1 Fire Magic
 - Level 10.0 Invocations


You had 18 spell levels left.
You didn't know any spells.
Your spell library contained the following spells:

 Spells                   Type           Power      Damage    Failure   Level
 Scorch                   Fire           4%         2d5       58%         2

Inventory:

Missiles
 c - 40 large rocks (quivered)
 f - 4 silver boomerangs
 k - 8 boomerangs of dispersal
 r - 13 javelins
 w - 21 boomerangs
 C - 6 silver javelins
Armour
 h - a +2 cloak (worn)
 m - the +6 fire dragon scales of the Alphagorgon (worn) {rPois rF++ rC-}
   (Okawaru gifted it to you on level 3 of the Lair of Beasts)

   rF:        It greatly protects you from fire.
   rC:        It makes you vulnerable to cold.
   rPois:     It protects you from poison.
 o - the +4 skin of Zhor {*Englaciate rC+++ SInv}
   (Okawaru gifted it to you on level 11 of the Dungeon)

   It radiates cold, occasionally slowing all nearby creatures who are not
   resistant to cold.
   rC:        It renders you almost immune to cold.
   SInv:      It lets you see invisible.
 u - a +2 kite shield (worn)
 B - a +2 hat (worn)
Jewellery
 a - an amulet of reflection (around neck)
 l - a +4 ring of protection (left claw)
 p - a +4 ring of slaying (right claw) {mikee}
 x - a ring of poison resistance
 y - a ring of protection from fire
 z - a ring of protection from fire
 A - a ring of poison resistance
Scrolls
 d - 25 scrolls of identify
 g - 4 scrolls of enchant weapon
 n - 3 scrolls of enchant armour
 s - 3 scrolls of brand weapon
Potions
 b - 6 potions of haste
 e - 5 potions of might
 i - 2 potions of magic
 j - 8 potions of curing
 t - a potion of resistance

Dungeon Overview and Level Annotations

Branches:
Dungeon (15/15)            Temple (1/1) D:7            Lair (5/5) D:9
 Shoals (4/4) Lair:3        Snake (1/4) Lair:2        Slime (0/5) Lair:5
    Orc (2/2) D:11            Elf (0/3) Orc:2        Vaults (0/5) D:14
 Depths (0/4) D:15

Altars:
Cheibriados
Dithmenos
Elyvilon
Gozag
Hepliaklqana
Kikubaaqudgha
Okawaru
Trog
Vehumet
Yredelemnul
The Shining One
Jiyva

Shops:
D:5 !   D:7 ?([[[   D:14 :   Orc:2 [:[(*=*[   Shoals:4 [

Annotations:
D:3 2 transporters, qw's ghost, amateur TeWr
D:8 3 runed translucent doors, qw's ghost, novice TeWr
D:10 2 transporters
Snake:1 Josephine


Message History

You mangle the shock serpent!!
The shock serpent is moderately wounded.
The shock serpent's electric aura discharges, shocking you!
You eviscerate the shock serpent!!!
You kill the shock serpent!
Okawaru accepts your kill.
The air sparks with electricity, shocking you!
You hear an angry hiss.
A shock serpent comes into view.
Your base Unarmed Combat skill increases to level 22!
Josephine the Decaying Necromancer comes into view.
She is wielding a +0 dagger and wearing a +2 robe of positive energy.
Found a scroll of magic mapping.
Found a stone staircase leading down.
The naga mage shouts!
Josephine shouts!
You hear an angry hiss.
A black mamba comes into view.
Josephine moves out of view.
The black mamba moves out of view.
You eviscerate the black mamba!!!
You kill the black mamba!
Okawaru accepts your kill.
You hear a bark! x2
The shock serpent shoots out a bolt of lightning at you!
The bolt of electricity hits you!
Your body deteriorates!
You feel weakened. The bolt of electricity hits you!
A hell hound comes into view.
The shock serpent shoots out a bolt of lightning at you!
The bolt of electricity hits you! The naga mage barely misses you.
You block the naga mage's attack. The naga spits poison at you.
The splash of poison reflects off an invisible shield around you!
The splash of poison hits the naga.
The naga is poisoned.
You eviscerate the naga mage!!!
You kill the naga mage!
Okawaru accepts your kill.
You miss the black mamba. You block the black mamba's attack.
28954 ||| Stepping ~*~*~tactically~*~*~ (outnumbered).
The shock serpent shoots out a bolt of lightning at you!
The bolt of electricity hits the black mamba!
The bolt of electricity hits you! The bolt of electricity hits you!!
You die...

.. !. . ###. ..
#.. #@#### #.# #
..... #<#.##
.h.##.#..
..##?#.#.#.#.#.#
.........@.....#
.....#.#S#.#.###
#.#.....S)....#
....#.#.#.#.##
#.......N.....#
.....#>#.#.#.##
...#..........#
...# #.#.#.# ##
.##


You could see a shock serpent, a black mamba and a naga (poisoned, catching
breath).

Vanquished Creatures
  A lich (Abyss:3)
  A kraken (Shoals:4)
  A tentacled starspawn (Abyss:3)
  A tengu reaver (D:13)
  Ilsuiw (Shoals:4)
  Kirke (Shoals:2)
  2 caustic shrike zombies (D:15)
  2 very ugly things (Abyss:3)
  7 merfolk javelineers (Shoals:4)
  A spectral kraken (Shoals:1)
  10 merfolk impalers
  An ettin (Orc:2)
  2 boulder beetles
  A vault guard (D:14)
  A rakshasa (D:14)
  3 ghost crabs (Shoals:1)
  7 catoblepae
  9 centaur warriors
  6 hydras
  2 satyrs (Shoals:3)
  3 merfolk avatars
  7 merfolk aquamancers
  4 two-headed ogres
  3 tengu warriors
  3 orc high priests (Orc:2)
  8 death yaks
  2 thrashing horrors (Abyss:3)
  Sonja (D:10)
  2 shock serpents (Snake:1)
  7 skeletal warriors
  A fire crab (D:13)
  Amaemon (D:11)
  A shadow wraith (Shoals:3)
  14 sea snakes
  A flayed ghost (D:15)
  5 spectral merfolk (Shoals:1)
  4 large abominations
  A lindwurm (Lair:5)
  A tengu zombie (D:15)
  26 harpies
  5 orc knights (Orc:2)
  4 orc sorcerers
  A necromancer (D:15)
  2 deep elf pyromancers
  2 wolf spiders
  13 fauns
  A tengu skeleton (D:15)
  8 ugly things
  16 manticores
  13 cyclopes
  8 merfolk sirens
  Joseph (D:7)
  13 black mambas
  A black mamba (shapeshifter) (D:15)
  A naga mage (Snake:1)
  16 elephants
  A guardian serpent (shapeshifter) (D:14)
  6 water nymphs
  2 gargoyles (D:12)
  A torpor snail (Lair:5)
  A guardian serpent (Lair:5)
  22 cane toads
  2 spectral sea snakes (Shoals:1)
  An orange demon (D:11)
  2 unseen horrors
  2 tengu conjurers
  13 komodo dragons
  A spectral water nymph (Shoals:1)
  7 rime drakes
  An efreet (D:13)
  A spectral harpy (Shoals:1)
  7 trolls
  A polar bear (Lair:3)
  5 hornets
  35 merfolk
  Prince Ribbit (D:7)
  4 wind drakes
  2 raiju (Abyss:3)
  13 slime creatures
  4 blink frogs (Lair:5)
  9 snapping turtles
  6 flying skulls (Abyss:2)
  3 shadows (D:11)
  20 dream sheep
  13 water elementals
  A vampire (D:11)
  A ynoxinul (Abyss:3)
  A human (Shoals:2)
  A culicivora (shapeshifter) (D:14)
  Eustachio (D:6)
  4 wraiths
  42 yaks
  10 wyverns (Lair:5)
  A hog (shapeshifter) (D:13)
  11 fire elementals
  3 hogs (Shoals:2)
  Grum (D:9)
  5 basilisks
  A chaos spawn (Abyss:3)
  3 neqoxecs
  2 redbacks (Lair:5)
  2 wargs (Orc:2)
  2 vampire mosquitoes (D:15)
  21 water moccasins
  18 orc warriors
  A hornet zombie (D:6)
  A meliai simulacrum (D:15)
  2 sky beasts (D:7)
  3 black bears
  2 ogres
  19 wolves
  26 centaurs
  2 phantoms
  Blork the orc (D:5)
  5 kobold brigands
  2 necrophages (D:7)
  11 bullfrogs
  A wyvern zombie (D:6)
  5 gnoll sergeants
  8 scorpions
  3 jellies
  6 wights
  A water moccasin zombie (D:6)
  6 killer bees
  3 troll zombies (D:11)
  2 electric eels (D:9)
  4 howler monkeys
  2 bullfrog zombies (D:6)
  14 hounds
  A small abomination (Abyss:2)
  2 centaur skeletons (D:6)
  2 gnoll boudas (D:9)
  18 orc priests
  Natasha (thrice) (D:4)
  Terence (D:3)
  An iguana (D:6)
  19 orc wizards
  A hell rat (Lair:5)
  2 killer bee zombies (D:6)
  5 ogre zombies (D:11)
  27 gnolls
  8 adders
  A white imp (D:7)
  2 ufetubi
  3 worms
  4 dart slugs
  71 orcs
  12 ball pythons
  7 endoplasms
  2 giant cockroaches
  8 hobgoblins
  8 jackals
  29 kobolds
  A quokka (D:3)
  4 bats
  5 frilled lizards
  7 goblins
  2 goblin skeletons (D:11)
  2 goblin zombies (D:11)
  2 hobgoblin zombies (D:11)
  3 orc skeletons (D:11)
  16 orc zombies (D:11)
  7 rats
  A spectral orc (D:3)
  A starspawn tentacle (Abyss:3)
  A tentacle (Shoals:1)
996 creatures vanquished.

Vanquished Creatures (others)
  A merfolk siren (Shoals:1)
  A faun (Shoals:1)
  A hog (Shoals:2)
  An orc wizard (Orc:2)
  6 demonic plants (D:9)
  37 fungi
  78 plants
  2 starspawn tentacles (Abyss:3)
  44 tentacles
  17 withered plants
188 creatures vanquished.

Grand Total: 1184 creatures vanquished

Notes
Turn   | Place    | Note
-------+----------+-------------------------------------------
     0 | D:1      | qw the Troll Cinder Acolyte began the quest for the Orb.
     0 | D:1      | Reached XP level 1. HP: 22/22 MP: 1/1
     0 | D:1      | 0 ||| qw: Version: 0.1-a-97-g2dd2ca4
     0 | D:1      | 0 ||| qw: Game counter: 4486
     0 | D:1      | 0 ||| qw: Always use a shield: true
     0 | D:1      | 0 ||| qw: God list: Okawaru
     0 | D:1      | 0 ||| qw: Allow faded altars: false
     0 | D:1      | 0 ||| qw: Do Orc after D:15 true
     0 | D:1      | 0 ||| qw: Do second Lair branch before Depths: true
     0 | D:1      | 0 ||| qw: Lair rune preference: random
     0 | D:1      | 0 ||| qw: Plans: Normal
     0 | D:1      | 0 ||| PLANNING D:1-11
   229 | D:1      | Reached XP level 2. HP: 29/29 MP: 2/2
   735 | D:1      | 735 ||| READING 3 scrolls labelled YNKE WIC VUS.
   736 | D:1      | 736 ||| READING scroll labelled HEVVONKUCLEEH.
   737 | D:1      | 737 ||| READING scroll labelled VOTWESCH TUGIRPHA.
   738 | D:1      | 738 ||| READING scroll labelled QUFIKEOLUDGH.
   839 | D:1      | 839 ||| DRINKING 2 fizzy golden potions.
   840 | D:1      | 840 ||| READING 2 scrolls of identify.
   840 | D:1      | 840 ||| IDENTIFYING black potion
   841 | D:1      | 841 ||| DROPPING potion of ambrosia.
   842 | D:1      | 842 ||| DROPPING potion of degeneration.
   898 | D:2      | Reached skill level 4 in Unarmed Combat
   941 | D:2      | 941 ||| Stepping ~*~*~tactically~*~*~ (stealth).
   946 | D:2      | 946 ||| Stepping ~*~*~tactically~*~*~ (stealth).
   948 | D:2      | 948 ||| Stepping ~*~*~tactically~*~*~ (stealth).
   949 | D:2      | 949 ||| Stepping ~*~*~tactically~*~*~ (stealth).
   953 | D:2      | 953 ||| Stepping ~*~*~tactically~*~*~ (stealth).
  1025 | D:2      | Reached XP level 3. HP: 36/36 MP: 3/3
  1114 | D:2      | 1114 ||| Stepping ~*~*~tactically~*~*~ (stealth).
  1282 | D:2      | 1282 ||| Stepping ~*~*~tactically~*~*~ (stealth).
  1283 | D:2      | 1283 ||| Stepping ~*~*~tactically~*~*~ (stealth).
  1344 | D:2      | Reached skill level 1 in Throwing
  1754 | D:2      | 1754 ||| READING scroll labelled YMIDGH VEKHAUXO.
  1755 | D:2      | 1755 ||| READING scroll labelled YCONISM GAWNA.
  1756 | D:2      | 1756 ||| Stepping randomly (stuck).
  1757 | D:2      | 1757 ||| Stepping ~*~*~tactically~*~*~ (cloud).
  1823 | D:3      | 1823 ||| Stepping ~*~*~tactically~*~*~ (stealth).
  1836 | D:3      | Reached XP level 4. HP: 41/44 MP: 4/4
  1838 | D:3      | 1838 ||| FLEEEEING.
  1839 | D:3      | 1839 ||| FLEEEEING.
  1854 | D:3      | Noticed qw's ghost (amateur TeWr)
  1855 | D:3      | Found a transporter.
  1862 | D:3      | Found a transporter.
  1923 | D:3      | 1923 ||| Stepping ~*~*~tactically~*~*~ (stealth).
  2213 | D:3      | Found a basalt altar of Yredelemnul.
  2311 | D:3      | Reached skill level 5 in Unarmed Combat
  2348 | D:3      | Found a faded altar of an unknown god.
  2467 | D:3      | Noticed Terence
  2471 | D:3      | 2471 ||| Stepping ~*~*~tactically~*~*~ (outnumbered).
  2477 | D:3      | 2477 ||| INVOKING Fiery Armour.
  2477 | D:3      | HP: 11/44 [Terence/+0 flail (4)]
  2478 | D:3      | HP: 5/44 [Terence/+0 flail (7)]
  2481 | D:3      | HP: 1/44 [Terence/+0 flail (7)]
  2483 | D:3      | Killed Terence
  2612 | D:3      | 2612 ||| Stepping ~*~*~tactically~*~*~ (hiding).
  2622 | D:3      | Reached XP level 5. HP: 50/50 MP: 5/5
  2957 | D:3      | 2957 ||| UPGRADING to amulet of regeneration.
  2962 | D:3      | 2962 ||| READING scroll labelled EFAETER KOUREMU.
  2963 | D:3      | 2963 ||| READING scroll labelled GURYRGH ILUSU.
  2964 | D:3      | 2964 ||| DRINKING 2 grey potions.
  2965 | D:3      | 2965 ||| READING 2 scrolls of identify.
  2965 | D:3      | 2965 ||| IDENTIFYING coppery potion
  2966 | D:3      | 2966 ||| DRINKING potion of experience.
  2966 | D:3      | Reached skill level 13 in Unarmed Combat
  2966 | D:3      | Reached XP level 6. HP: 59/59 MP: 6/6
  3008 | D:4      | 3008 ||| Stepping ~*~*~tactically~*~*~ (stealth).
  3024 | D:4      | 3024 ||| Stepping ~*~*~tactically~*~*~ (stealth).
  3025 | D:4      | 3025 ||| Stepping ~*~*~tactically~*~*~ (stealth).
  3026 | D:4      | 3026 ||| Stepping ~*~*~tactically~*~*~ (stealth).
  3027 | D:4      | 3027 ||| Stepping ~*~*~tactically~*~*~ (stealth).
  3028 | D:4      | 3028 ||| Stepping ~*~*~tactically~*~*~ (stealth).
  3031 | D:4      | 3031 ||| Stepping ~*~*~tactically~*~*~ (stealth).
  3040 | D:4      | 3040 ||| Stepping ~*~*~tactically~*~*~ (outnumbered).
  3041 | D:4      | 3041 ||| Stepping ~*~*~tactically~*~*~ (outnumbered).
  3067 | D:4      | 3067 ||| Stepping ~*~*~tactically~*~*~ (stealth).
  3084 | D:4      | 3084 ||| FLEEEEING.
  3085 | D:4      | 3085 ||| FLEEEEING.
  3086 | D:4      | 3086 ||| FLEEEEING.
  3087 | D:4      | 3087 ||| FLEEEEING.
  3088 | D:4      | 3088 ||| FLEEEEING.
  3091 | D:4      | 3091 ||| Stepping ~*~*~tactically~*~*~ (outnumbered).
  3092 | D:4      | 3092 ||| Stepping ~*~*~tactically~*~*~ (outnumbered).
  3093 | D:4      | 3093 ||| Stepping ~*~*~tactically~*~*~ (outnumbered).
  3094 | D:4      | 3094 ||| Stepping ~*~*~tactically~*~*~ (outnumbered).
  3095 | D:4      | 3095 ||| Stepping ~*~*~tactically~*~*~ (outnumbered).
  3096 | D:4      | 3096 ||| Stepping ~*~*~tactically~*~*~ (outnumbered).
  3097 | D:4      | 3097 ||| Stepping ~*~*~tactically~*~*~ (outnumbered).
  3098 | D:4      | 3098 ||| Stepping ~*~*~tactically~*~*~ (outnumbered).
  3099 | D:4      | 3099 ||| Stepping ~*~*~tactically~*~*~ (outnumbered).
  3100 | D:4      | 3100 ||| Stepping ~*~*~tactically~*~*~ (outnumbered).
  3101 | D:4      | 3101 ||| Stepping ~*~*~tactically~*~*~ (outnumbered).
  3102 | D:4      | 3102 ||| Stepping ~*~*~tactically~*~*~ (outnumbered).
  3103 | D:4      | 3103 ||| Stepping ~*~*~tactically~*~*~ (outnumbered).
  3104 | D:4      | 3104 ||| Stepping ~*~*~tactically~*~*~ (outnumbered).
  3105 | D:4      | 3105 ||| Stepping ~*~*~tactically~*~*~ (outnumbered).
  3106 | D:4      | 3106 ||| Stepping ~*~*~tactically~*~*~ (outnumbered).
  3107 | D:4      | 3107 ||| Stepping ~*~*~tactically~*~*~ (outnumbered).
  3108 | D:4      | 3108 ||| Stepping ~*~*~tactically~*~*~ (outnumbered).
  3109 | D:4      | 3109 ||| Stepping ~*~*~tactically~*~*~ (outnumbered).
  3110 | D:4      | 3110 ||| Stepping ~*~*~tactically~*~*~ (outnumbered).
  3111 | D:4      | 3111 ||| Stepping ~*~*~tactically~*~*~ (outnumbered).
  3184 | D:4      | 3184 ||| Stepping ~*~*~tactically~*~*~ (hiding).
  3381 | D:4      | Noticed Natasha
  3393 | D:4      | Killed Natasha
  3394 | D:4      | Reached skill level 3 in Fighting
  3416 | D:4      | 3416 ||| Stepping ~*~*~tactically~*~*~ (stealth).
  3516 | D:4      | Reached XP level 7. HP: 67/67 MP: 7/7
  3620 | D:4      | Noticed Natasha
  3625 | D:4      | Killed Natasha
  3650 | D:4      | 3650 ||| Stepping ~*~*~tactically~*~*~ (stealth).
  3653 | D:4      | 3653 ||| Stepping ~*~*~tactically~*~*~ (stealth).
  3654 | D:4      | 3654 ||| Stepping ~*~*~tactically~*~*~ (stealth).
  3662 | D:4      | 3662 ||| Stepping ~*~*~tactically~*~*~ (outnumbered).
  3663 | D:4      | 3663 ||| Stepping ~*~*~tactically~*~*~ (outnumbered).
  3685 | D:4      | 3685 ||| Stepping ~*~*~tactically~*~*~ (stealth).
  3686 | D:4      | 3686 ||| Stepping ~*~*~tactically~*~*~ (stealth).
  3819 | D:4      | Noticed Natasha
  3822 | D:4      | Killed Natasha
  3857 | D:4      | 3857 ||| READING scroll labelled RAIHO PU VAQ.
  3858 | D:4      | 3858 ||| READING scroll labelled ODEQIFIBBEO RINTI.
  3862 | D:4      | 3862 ||| DRINKING 2 emerald potions.
  3863 | D:4      | 3863 ||| READING 2 scrolls of identify.
  3863 | D:4      | 3863 ||| IDENTIFYING fuming black potion
  3864 | D:4      | 3864 ||| DROPPING potion of attraction.
  3865 | D:4      | 3865 ||| DROPPING potion of magic.
  3918 | D:5      | Entered Level 5 of the Dungeon
  3968 | D:5      | Reached skill level 1 in Dodging
  4083 | D:5      | 4083 ||| Stepping ~*~*~tactically~*~*~ (hiding).
  4085 | D:5      | 4085 ||| Stepping ~*~*~tactically~*~*~ (stealth).
  4093 | D:5      | 4093 ||| Stepping ~*~*~tactically~*~*~ (stealth).
  4184 | D:5      | Noticed Blork the orc
  4185 | D:5      | 4185 ||| INVOKING Fiery Armour.
  4193 | D:5      | Killed Blork the orc
  4194 | D:5      | Reached XP level 8. HP: 47/78 MP: 8/8
  4227 | D:5      | Found Ygremif's Distillery.
  4233 | D:5      | 4233 ||| BUYING 2 potions of curing (72 gold).
  4233 | D:5      | Bought 2 potions of curing for 72 gold pieces
  4233 | D:5      | 4233 ||| BUYING potion of cancellation (96 gold).
  4233 | D:5      | Bought a potion of cancellation for 96 gold pieces
  4233 | D:5      | 4233 ||| BUYING potion of curing (36 gold).
  4233 | D:5      | Bought a potion of curing for 36 gold pieces
  4304 | D:5      | Reached skill level 3 in Throwing
  4542 | D:5      | 4542 ||| UPGRADING to +1 robe of cold resistance.
  4552 | D:5      | 4552 ||| DROPPING +0 robe.
  4723 | D:6      | Found an opulent altar of Gozag.
  4891 | D:6      | 4891 ||| Stepping ~*~*~tactically~*~*~ (stealth).
  4894 | D:6      | 4894 ||| Stepping ~*~*~tactically~*~*~ (stealth).
  4899 | D:6      | 4899 ||| Stepping ~*~*~tactically~*~*~ (stealth).
  4900 | D:6      | 4900 ||| Stepping ~*~*~tactically~*~*~ (hiding).
  4940 | D:6      | 4940 ||| Stepping ~*~*~tactically~*~*~ (stealth).
  4942 | D:6      | 4942 ||| Stepping ~*~*~tactically~*~*~ (hiding).
  4949 | D:6      | 4949 ||| Stepping ~*~*~tactically~*~*~ (stealth).
  4957 | D:6      | 4957 ||| Stepping ~*~*~tactically~*~*~ (hiding).
  4963 | D:6      | 4963 ||| Stepping ~*~*~tactically~*~*~ (hiding).
  5050 | D:6      | Noticed Eustachio
  5064 | D:6      | Killed Eustachio
  5065 | D:6      | Reached XP level 9. HP: 88/88 MP: 9/9
  5300 | D:6      | 5300 ||| Stepping ~*~*~tactically~*~*~ (hiding).
  5503 | D:6      | 5503 ||| UPGRADING to +2 kite shield.
  5508 | D:6      | 5508 ||| UPGRADING to amulet of reflection.
  5518 | D:6      | 5518 ||| DROPPING amulet of regeneration.
  5519 | D:6      | 5519 ||| DROPPING ring of wizardry.
  5520 | D:6      | 5520 ||| READING scroll labelled CUGELIUREU.
  5521 | D:6      | 5521 ||| READING scroll labelled UTEAKKAMAU.
  5562 | D:6      | 5562 ||| READING scroll labelled ROPUIM CYADUOF.
  5563 | D:6      | 5563 ||| DRINKING 2 fuming inky potions.
  5564 | D:6      | 5564 ||| READING 3 scrolls of identify.
  5564 | D:6      | 5564 ||| IDENTIFYING bubbling black potion
  5565 | D:6      | 5565 ||| READING 2 scrolls of identify.
  5565 | D:6      | 5565 ||| IDENTIFYING silvery potion
  5566 | D:6      | 5566 ||| DROPPING potion of berserk rage.
  5567 | D:6      | 5567 ||| DROPPING potion of flight.
  5646 | D:6      | 5646 ||| READING scroll of teleportation.
  5647 | D:6      | 5647 ||| STAIRDANCE
  5687 | D:6      | 5687 ||| Stepping randomly (stuck).
  5730 | D:7      | Reached skill level 1 in Shields
  5760 | D:7      | Noticed Prince Ribbit
  5760 | D:7      | Noticed Joseph
  5770 | D:7      | Killed Joseph
  5771 | D:7      | Reached skill level 3 in Shields
  5775 | D:7      | Killed Prince Ribbit
  5979 | D:7      | Found a staircase to the Ecumenical Temple.
  6010 | D:7      | Found Tezobluu's Armour Shop.
  6011 | D:7      | Found Didankok's Antique Armour Shop.
  6011 | D:7      | Found Pyiss's Antique Armour Shop.
  6017 | D:7      | 6017 ||| Stepping ~*~*~tactically~*~*~ (stealth).
  6018 | D:7      | 6018 ||| Stepping ~*~*~tactically~*~*~ (stealth).
  6019 | D:7      | 6019 ||| Stepping ~*~*~tactically~*~*~ (stealth).
  6020 | D:7      | 6020 ||| Stepping ~*~*~tactically~*~*~ (stealth).
  6023 | D:7      | Found Yllyij's Weapon Shop.
  6028 | D:7      | 6028 ||| BUYING glowing cloak (202 gold).
  6028 | D:7      | Bought a glowing cloak for 202 gold pieces
  6028 | D:7      | 6028 ||| Stepping ~*~*~tactically~*~*~ (hiding).
  6029 | D:7      | 6029 ||| Stepping ~*~*~tactically~*~*~ (hiding).
  6134 | D:7      | 6134 ||| UPGRADING to +1 cloak.
  6139 | D:7      | 6139 ||| READING scroll of enchant armour.
  6139 | D:7      | 6139 ||| ENCHANTING +1 cloak.
  6145 | D:7      | 6145 ||| SHOPLISTING +1 robe of Vines {NoPotionHeal
                  | Regen++++} (2160 gold, have 63).
  6227 | D:7      | Found Kuoxaguz's Magic Scroll Emporium.
  6230 | D:7      | 6230 ||| SHOPLISTING scroll of acquirement (780 gold, have
                  | 79).
  6230 | D:7      | 6230 ||| SHOPLISTING scroll of enchant armour (112 gold,
                  | have 79).
  6230 | D:7      | 6230 ||| BUYING scroll of identify (30 gold).
  6230 | D:7      | Bought a scroll of identify for 30 gold pieces
  6230 | D:7      | 6230 ||| BUYING scroll of identify (30 gold).
  6230 | D:7      | Bought a scroll of identify for 30 gold pieces
  6230 | D:7      | 6230 ||| SHOPLISTING scroll of teleportation (45 gold, have
                  | 19).
  6593 | D:7      | 6593 ||| READING 4 scrolls of identify.
  6593 | D:7      | 6593 ||| IDENTIFYING yellow potion
  6594 | D:7      | 6594 ||| DROPPING potion of invisibility.
  6671 | D:6      | 6671 ||| READING scroll of teleportation.
  6729 | D:6      | 6729 ||| Stepping randomly (stuck).
  6796 | D:8      | Noticed a troll
  6798 | D:8      | 6798 ||| INVOKING Fiery Armour.
  6805 | D:8      | Killed a troll
  6806 | D:8      | Reached XP level 10. HP: 63/96 MP: 10/10
  6894 | D:8      | Found a runed translucent gate.
  6894 | D:8      | Found a runed translucent gate.
  6894 | D:8      | Found a runed translucent gate.
  6897 | D:8      | Noticed qw's ghost (novice TeWr)
  7091 | D:8      | 7091 ||| Stepping ~*~*~tactically~*~*~ (stealth).
  7096 | D:8      | 7096 ||| Stepping ~*~*~tactically~*~*~ (outnumbered).
  7098 | D:8      | 7098 ||| Stepping ~*~*~tactically~*~*~ (outnumbered).
  7104 | D:8      | 7104 ||| Stepping ~*~*~tactically~*~*~ (outnumbered).
  7106 | D:8      | 7106 ||| Stepping ~*~*~tactically~*~*~ (outnumbered).
  7109 | D:8      | Reached skill level 6 in Shields
  7295 | D:8      | 7295 ||| Stepping ~*~*~tactically~*~*~ (stealth).
  7297 | D:8      | 7297 ||| Stepping ~*~*~tactically~*~*~ (stealth).
  7301 | D:8      | 7301 ||| Stepping ~*~*~tactically~*~*~ (stealth).
  7304 | D:8      | 7304 ||| Stepping ~*~*~tactically~*~*~ (hiding).
  7350 | D:8      | 7350 ||| Stepping ~*~*~tactically~*~*~ (stealth).
  7353 | D:8      | 7353 ||| Stepping ~*~*~tactically~*~*~ (stealth).
  7434 | D:8      | 7434 ||| Stepping ~*~*~tactically~*~*~ (hiding).
  7965 | D:8      | 7965 ||| READING scroll labelled OLUIME LOCROSCH.
  7966 | D:8      | 7966 ||| READING scroll labelled REYWUT TEOBENK.
  7967 | D:8      | 7967 ||| READING 3 scrolls of identify.
  7967 | D:8      | 7967 ||| IDENTIFYING ruby potion
  7980 | D:9      | 7980 ||| Stepping ~*~*~tactically~*~*~ (stealth).
  7992 | D:9      | 7992 ||| INVOKING Fiery Armour.
  7996 | D:9      | 7996 ||| Stepping ~*~*~tactically~*~*~ (outnumbered).
  7999 | D:9      | 7999 ||| Stepping ~*~*~tactically~*~*~ (outnumbered).
  8000 | D:9      | 8000 ||| Stepping ~*~*~tactically~*~*~ (outnumbered).
  8001 | D:9      | 8001 ||| Stepping ~*~*~tactically~*~*~ (outnumbered).
  8002 | D:9      | 8002 ||| Stepping ~*~*~tactically~*~*~ (outnumbered).
  8003 | D:9      | 8003 ||| Stepping ~*~*~tactically~*~*~ (outnumbered).
  8040 | D:9      | 8040 ||| FLEEEEING.
  8041 | D:9      | 8041 ||| FLEEEEING.
  8044 | D:9      | 8044 ||| FLEEEEING.
  8048 | D:9      | 8048 ||| Stepping ~*~*~tactically~*~*~ (outnumbered).
  8072 | D:9      | 8072 ||| Stepping ~*~*~tactically~*~*~ (outnumbered).
  8073 | D:9      | 8073 ||| Stepping ~*~*~tactically~*~*~ (outnumbered).
  8105 | D:9      | 8105 ||| INVOKING Fiery Armour.
  8224 | D:9      | 8224 ||| Stepping ~*~*~tactically~*~*~ (hiding).
  8233 | D:9      | 8233 ||| Stepping ~*~*~tactically~*~*~ (hiding).
  8242 | D:9      | 8242 ||| FLEEEEING.
  8243 | D:9      | 8243 ||| FLEEEEING.
  8244 | D:9      | 8244 ||| FLEEEEING.
  8245 | D:9      | 8245 ||| FLEEEEING.
  8246 | D:9      | 8246 ||| FLEEEEING.
  8395 | D:9      | Noticed a two-headed ogre
  8400 | D:9      | Killed a two-headed ogre
  8401 | D:9      | 8401 ||| Stepping ~*~*~tactically~*~*~ (hiding).
  8405 | D:9      | 8405 ||| Stepping ~*~*~tactically~*~*~ (hiding).
  8406 | D:9      | 8406 ||| Stepping ~*~*~tactically~*~*~ (hiding).
  8407 | D:9      | 8407 ||| Stepping ~*~*~tactically~*~*~ (hiding).
  8408 | D:9      | 8408 ||| Stepping ~*~*~tactically~*~*~ (hiding).
  8409 | D:9      | 8409 ||| Stepping ~*~*~tactically~*~*~ (hiding).
  8507 | D:9      | 8507 ||| Stepping ~*~*~tactically~*~*~ (hiding).
  8509 | D:9      | 8509 ||| INVOKING Fiery Armour.
  8511 | D:9      | 8511 ||| Stepping ~*~*~tactically~*~*~ (outnumbered).
  8518 | D:9      | 8518 ||| Stepping ~*~*~tactically~*~*~ (outnumbered).
  8624 | D:9      | Reached skill level 9 in Shields
  8624 | D:9      | Reached XP level 11. HP: 88/102 MP: 11/11
  8680 | D:9      | 8680 ||| Stepping randomly (disturbance).
  8699 | D:9      | Reached skill level 1 in Armour
  8712 | D:9      | 8712 ||| INVOKING Fiery Armour.
  8716 | D:9      | 8716 ||| Stepping ~*~*~tactically~*~*~ (outnumbered).
  8717 | D:9      | 8717 ||| Stepping ~*~*~tactically~*~*~ (outnumbered).
  8721 | D:9      | 8721 ||| Stepping ~*~*~tactically~*~*~ (outnumbered).
  8723 | D:9      | 8723 ||| Stepping ~*~*~tactically~*~*~ (outnumbered).
  8725 | D:9      | 8725 ||| Stepping ~*~*~tactically~*~*~ (outnumbered).
  8726 | D:9      | 8726 ||| Stepping ~*~*~tactically~*~*~ (outnumbered).
  8728 | D:9      | 8728 ||| Stepping ~*~*~tactically~*~*~ (outnumbered).
  8730 | D:9      | 8730 ||| Stepping ~*~*~tactically~*~*~ (outnumbered).
  8804 | D:9      | 8804 ||| Stepping ~*~*~tactically~*~*~ (outnumbered).
  8805 | D:9      | 8805 ||| Stepping ~*~*~tactically~*~*~ (outnumbered).
  8810 | D:9      | 8810 ||| Stepping ~*~*~tactically~*~*~ (outnumbered).
  8908 | D:9      | Found a snail-covered altar of Cheibriados.
  8908 | D:9      | Found a hazy altar of Hepliaklqana.
  8913 | D:9      | Found a white marble altar of Elyvilon.
  8943 | D:9      | Found a staircase to the Lair.
  9007 | D:9      | 9007 ||| Stepping ~*~*~tactically~*~*~ (stealth).
  9042 | D:9      | Noticed Grum
  9043 | D:9      | 9043 ||| INVOKING Fiery Armour.
  9046 | D:9      | Killed Grum
  9072 | D:9      | 9072 ||| DROPPING ring of magical power.
  9073 | D:9      | 9073 ||| UPGRADING to +4 ring of protection.
  9225 | D:9      | 9225 ||| Stepping randomly (stuck).
  9253 | D:10     | Entered Level 10 of the Dungeon
  9253 | D:10     | Noticed Sonja
  9254 | D:10     | 9254 ||| INVOKING Fiery Armour.
  9258 | D:10     | 9258 ||| FLEEEEING.
  9259 | D:10     | 9259 ||| STAIRDANCE
  9378 | D:10     | 9378 ||| INVOKING Fiery Armour.
  9392 | D:10     | 9392 ||| FLEEEEING.
  9393 | D:10     | 9393 ||| STAIRDANCE
  9449 | D:10     | 9449 ||| STAIRDANCE
  9489 | D:10     | 9489 ||| INVOKING Fiery Armour.
  9504 | D:10     | Killed Sonja
  9588 | D:10     | Noticed a fire giant
  9589 | D:10     | Found a transporter.
  9589 | D:10     | Noticed a stone giant
  9589 | D:10     | Noticed a purple ugly thing
  9590 | D:10     | Noticed a centaur warrior
  9591 | D:10     | Noticed a tengu warrior
  9591 | D:10     | Noticed an ogre mage
  9674 | D:10     | 9674 ||| Stepping ~*~*~tactically~*~*~ (hiding).
  9675 | D:10     | 9675 ||| Stepping ~*~*~tactically~*~*~ (hiding).
  9681 | D:10     | 9681 ||| Stepping ~*~*~tactically~*~*~ (outnumbered).
  9768 | D:10     | Found a transporter.
  9891 | D:10     | Noticed a two-headed ogre
  9898 | D:10     | Killed a two-headed ogre
 10654 | D:10     | 10654 ||| UPGRADING to +0 troll leather armour.
 10664 | D:10     | 10664 ||| DROPPING +1 robe of cold resistance.
 10708 | D:9      | 10708 ||| READING 4 scrolls of teleportation.
 10709 | D:9      | 10709 ||| PLANNING LAIR
 10759 | Lair:1   | Entered Level 1 of the Lair of Beasts
 10786 | Lair:1   | 10786 ||| INVOKING Fiery Armour.
 10793 | Lair:1   | 10793 ||| Stepping ~*~*~tactically~*~*~ (outnumbered).
 10794 | Lair:1   | 10794 ||| Stepping ~*~*~tactically~*~*~ (outnumbered).
 10795 | Lair:1   | 10795 ||| Stepping ~*~*~tactically~*~*~ (outnumbered).
 10796 | Lair:1   | 10796 ||| Stepping ~*~*~tactically~*~*~ (outnumbered).
 10805 | Lair:1   | Reached skill level 14 in Unarmed Combat
 11021 | Lair:1   | Reached skill level 6 in Fighting
 11061 | Lair:1   | 11061 ||| PLANNING TEMPLE
 11061 | Lair:1   | 11061 ||| DROPPING ring of flight.
 11062 | Lair:1   | 11062 ||| UPGRADING to +4 ring of slaying {mikee}.
 11152 | Temple   | Entered the Ecumenical Temple
 11153 | Temple   | 11153 ||| PLANNING CONVERSION TO OKAWARU
 11157 | Temple   | Fell from the grace of Ignis
 11157 | Temple   | Became a worshipper of Warmaster Okawaru
 11158 | Temple   | 11158 ||| PLANNING LAIR
 11366 | Lair:1   | 11366 ||| DRINKING 2 potions of cancellation.
 11514 | Lair:1   | Reached * piety under Okawaru
 11665 | Lair:1   | 11665 ||| INVOKING Heroism.
 11672 | Lair:1   | Reached skill level 1 in Invocations
 11729 | Lair:1   | 11729 ||| INVOKING Heroism.
 11763 | Lair:1   | 11763 ||| DRINKING 6 potions of curing.
 11763 | Lair:1   | 11763 ||| (to cure confusion)
 11770 | Lair:1   | 11770 ||| INVOKING Heroism.
 11792 | Lair:1   | Noticed a four-headed hydra
 11793 | Lair:1   | 11793 ||| INVOKING Heroism.
 11801 | Lair:1   | Killed a nine-headed hydra
 11801 | Lair:1   | Reached ** piety under Okawaru
 11943 | Lair:2   | 11943 ||| INVOKING Heroism.
 11944 | Lair:2   | 11944 ||| STAIRDANCE
 11962 | Lair:2   | 11962 ||| INVOKING Heroism.
 11966 | Lair:2   | 11966 ||| STAIRDANCE
 11978 | Lair:1   | HP: 22/105 [wolf (6)]
 11978 | Lair:1   | HP: 9/105 [wolf (7)]
 11979 | Lair:1   | 11979 ||| READING 3 scrolls of teleportation.
 11980 | Lair:1   | 11980 ||| DRINKING potion of heal wounds.
 11984 | Lair:1   | Reached XP level 12. HP: 14/114 MP: 12/12
 12066 | Lair:2   | 12066 ||| INVOKING Heroism.
 12068 | Lair:2   | 12068 ||| STAIRDANCE
 12122 | Lair:2   | 12122 ||| Stepping ~*~*~tactically~*~*~ (stealth).
 12127 | Lair:2   | Reached skill level 3 in Invocations
 12128 | Lair:2   | 12128 ||| Stepping ~*~*~tactically~*~*~ (stealth).
 12135 | Lair:2   | Reached skill level 15 in Unarmed Combat
 12151 | Lair:2   | 12151 ||| INVOKING Heroism.
 12166 | Lair:2   | You fall into a shaft and drop 2 floors!
 12234 | Lair:4   | 12234 ||| Stepping ~*~*~tactically~*~*~ (stealth).
 12235 | Lair:4   | 12235 ||| Stepping ~*~*~tactically~*~*~ (stealth).
 12242 | Lair:4   | 12242 ||| Stepping ~*~*~tactically~*~*~ (stealth).
 12243 | Lair:4   | 12243 ||| INVOKING Heroism.
 12244 | Lair:4   | 12244 ||| Stepping ~*~*~tactically~*~*~ (stealth).
 12245 | Lair:4   | 12245 ||| Stepping ~*~*~tactically~*~*~ (stealth).
 12251 | Lair:4   | 12251 ||| Stepping ~*~*~tactically~*~*~ (outnumbered).
 12252 | Lair:4   | 12252 ||| Stepping ~*~*~tactically~*~*~ (outnumbered).
 12253 | Lair:4   | 12253 ||| Stepping ~*~*~tactically~*~*~ (outnumbered).
 12254 | Lair:4   | 12254 ||| Stepping ~*~*~tactically~*~*~ (outnumbered).
 12258 | Lair:4   | 12258 ||| Stepping ~*~*~tactically~*~*~ (outnumbered).
 12259 | Lair:4   | 12259 ||| Stepping ~*~*~tactically~*~*~ (outnumbered).
 12261 | Lair:4   | 12261 ||| Stepping ~*~*~tactically~*~*~ (outnumbered).
 12265 | Lair:4   | Reached *** piety under Okawaru
 12336 | Lair:4   | 12336 ||| DROPPING ring of positive energy.
 12341 | Lair:4   | 12341 ||| Stepping ~*~*~tactically~*~*~ (hiding).
 12341 | Lair:4   | Found a frozen archway.
 12381 | Lair:2   | 12381 ||| Stepping ~*~*~tactically~*~*~ (hiding).
 12517 | Lair:2   | 12517 ||| Stepping ~*~*~tactically~*~*~ (stealth).
 12519 | Lair:2   | 12519 ||| Stepping ~*~*~tactically~*~*~ (stealth).
 12522 | Lair:2   | 12522 ||| Stepping ~*~*~tactically~*~*~ (stealth).
 12524 | Lair:2   | 12524 ||| Stepping ~*~*~tactically~*~*~ (stealth).
 12525 | Lair:2   | 12525 ||| Stepping ~*~*~tactically~*~*~ (stealth).
 12527 | Lair:2   | 12527 ||| Stepping ~*~*~tactically~*~*~ (stealth).
 12578 | Lair:2   | 12578 ||| Stepping ~*~*~tactically~*~*~ (stealth).
 12601 | Lair:2   | Identified the +12 mace of Fortitude {flame, +Blink Dex+4}
 12629 | Lair:2   | Reached **** piety under Okawaru
 12644 | Lair:2   | Found a staircase to the Snake Pit.
 12658 | Lair:2   | You fall into a shaft and drop 1 floor!
 12659 | Lair:3   | 12659 ||| DRINKING 2 white potions.
 12695 | Lair:3   | 12695 ||| DROPPING potion of lignification.
 12709 | Lair:3   | 12709 ||| INVOKING Heroism.
 12750 | Lair:3   | Noticed a death yak
 12750 | Lair:3   | Noticed a death yak
 12751 | Lair:3   | 12751 ||| INVOKING Heroism.
 12752 | Lair:3   | Noticed a six-headed hydra
 12756 | Lair:3   | Noticed a death yak
 12756 | Lair:3   | 12756 ||| Stepping ~*~*~tactically~*~*~ (stealth).
 12757 | Lair:3   | Noticed a death yak
 12760 | Lair:3   | 12760 ||| Stepping ~*~*~tactically~*~*~ (stealth).
 12762 | Lair:3   | 12762 ||| Stepping ~*~*~tactically~*~*~ (stealth).
 12763 | Lair:3   | 12763 ||| Stepping ~*~*~tactically~*~*~ (outnumbered).
 12765 | Lair:3   | Killed a death yak
 12767 | Lair:3   | Noticed a death yak
 12769 | Lair:3   | Killed a ten-headed hydra
 12774 | Lair:3   | Killed a death yak
 12774 | Lair:3   | Received a gift from Okawaru
 12776 | Lair:3   | 12776 ||| INVOKING Heroism.
 12781 | Lair:3   | Killed a death yak
 12788 | Lair:3   | Killed a death yak
 12788 | Lair:3   | Reached ***** piety under Okawaru
 12789 | Lair:3   | 12789 ||| INVOKING Finesse.
 12790 | Lair:3   | 12790 ||| Stepping ~*~*~tactically~*~*~ (stealth).
 12791 | Lair:3   | 12791 ||| INVOKING Finesse.
 12792 | Lair:3   | 12792 ||| INVOKING Finesse.
 12793 | Lair:3   | 12793 ||| Stepping ~*~*~tactically~*~*~ (stealth).
 12796 | Lair:3   | Killed a death yak
 12799 | Lair:3   | Reached skill level 16 in Unarmed Combat
 12806 | Lair:3   | 12806 ||| INVOKING Heroism.
 12824 | Lair:3   | Identified the +6 fire dragon scales of the Alphagorgon
                  | {rPois rF++ rC-} (Okawaru gifted it to you on level 3 of
                  | the Lair of Beasts)
 12824 | Lair:3   | Received a gift from Okawaru
 12825 | Lair:3   | Reached XP level 13. HP: 68/120 MP: 9/16
 12926 | Lair:3   | 12926 ||| UPGRADING to +6 fire dragon scales of the
                  | Alphagorgon {rPois rF++ rC-}.
 12936 | Lair:3   | 12936 ||| DROPPING +0 troll leather armour.
 13013 | Lair:2   | Reached skill level 6 in Invocations
 13089 | Lair:2   | 13089 ||| DRINKING 6 potions of curing.
 13089 | Lair:2   | 13089 ||| (to cure confusion)
 13161 | Lair:2   | 13161 ||| INVOKING Heroism.
 13162 | Lair:2   | 13162 ||| INVOKING Finesse.
 13351 | Lair:2   | 13351 ||| Stepping ~*~*~tactically~*~*~ (outnumbered).
 13754 | Lair:3   | 13754 ||| INVOKING Heroism.
 13755 | Lair:3   | 13755 ||| INVOKING Finesse.
 13784 | Lair:3   | Was forgiven by Ignis
 13794 | Lair:3   | 13794 ||| Stepping ~*~*~tactically~*~*~ (stealth).
 13795 | Lair:3   | 13795 ||| Stepping ~*~*~tactically~*~*~ (stealth).
 13821 | Lair:3   | Found a staircase to the Shoals.
 13827 | Lair:3   | 13827 ||| Stepping ~*~*~tactically~*~*~ (hiding).
 13829 | Lair:3   | 13829 ||| INVOKING Heroism.
 13832 | Lair:3   | 13832 ||| Stepping ~*~*~tactically~*~*~ (outnumbered).
 13833 | Lair:3   | 13833 ||| Stepping ~*~*~tactically~*~*~ (outnumbered).
 13834 | Lair:3   | 13834 ||| Stepping ~*~*~tactically~*~*~ (outnumbered).
 13835 | Lair:3   | 13835 ||| Stepping ~*~*~tactically~*~*~ (outnumbered).
 13836 | Lair:3   | 13836 ||| Stepping ~*~*~tactically~*~*~ (outnumbered).
 13837 | Lair:3   | 13837 ||| Stepping ~*~*~tactically~*~*~ (outnumbered).
 13840 | Lair:3   | 13840 ||| Stepping ~*~*~tactically~*~*~ (outnumbered).
 13841 | Lair:3   | 13841 ||| Stepping ~*~*~tactically~*~*~ (outnumbered).
 13844 | Lair:3   | Reached skill level 3 in Armour
 13844 | Lair:3   | 13844 ||| Stepping ~*~*~tactically~*~*~ (outnumbered).
 13845 | Lair:3   | 13845 ||| Stepping ~*~*~tactically~*~*~ (outnumbered).
 13846 | Lair:3   | 13846 ||| Stepping ~*~*~tactically~*~*~ (outnumbered).
 13857 | Lair:3   | 13857 ||| Stepping ~*~*~tactically~*~*~ (outnumbered).
 13858 | Lair:3   | 13858 ||| Stepping ~*~*~tactically~*~*~ (outnumbered).
 13925 | Lair:3   | 13925 ||| INVOKING Heroism.
 13926 | Lair:3   | 13926 ||| Stepping ~*~*~tactically~*~*~ (cloud).
 13944 | Lair:3   | 13944 ||| Stepping ~*~*~tactically~*~*~ (outnumbered).
 14187 | Lair:3   | Found a snail-covered altar of Cheibriados.
 14240 | Lair:3   | 14240 ||| INVOKING Heroism.
 14491 | Lair:3   | 14491 ||| INVOKING Heroism.
 14563 | Lair:3   | 14563 ||| READING scroll labelled ROCKAI LARIO.
 14603 | Lair:4   | 14603 ||| Stepping ~*~*~tactically~*~*~ (outnumbered).
 14604 | Lair:4   | 14604 ||| Stepping ~*~*~tactically~*~*~ (outnumbered).
 14609 | Lair:4   | 14609 ||| Stepping ~*~*~tactically~*~*~ (outnumbered).
 14610 | Lair:4   | 14610 ||| Stepping ~*~*~tactically~*~*~ (outnumbered).
 14643 | Lair:4   | 14643 ||| Stepping ~*~*~tactically~*~*~ (stealth).
 14805 | Lair:4   | 14805 ||| INVOKING Heroism.
 14880 | Lair:4   | 14880 ||| Stepping ~*~*~tactically~*~*~ (stealth).
 14882 | Lair:4   | 14882 ||| INVOKING Heroism.
 14895 | Lair:4   | 14895 ||| Stepping ~*~*~tactically~*~*~ (outnumbered).
 14896 | Lair:4   | 14896 ||| Stepping ~*~*~tactically~*~*~ (outnumbered).
 14960 | Lair:4   | 14960 ||| Stepping ~*~*~tactically~*~*~ (stealth).
 14967 | Lair:4   | 14967 ||| Stepping ~*~*~tactically~*~*~ (stealth).
 14969 | Lair:4   | 14969 ||| Stepping ~*~*~tactically~*~*~ (stealth).
 14970 | Lair:4   | 14970 ||| Stepping ~*~*~tactically~*~*~ (stealth).
 15272 | Lair:4   | 15272 ||| READING scroll labelled GIYRE RUEWUOTE.
 15272 | Lair:4   | Identified a scroll of acquirement
 15272 | Lair:4   | 15272 ||| ACQUIRING 794 gold pieces
 15272 | Lair:4   | Acquired 794 gold pieces
 15297 | Lair:5   | Entered Level 5 of the Lair of Beasts
 15298 | Lair:5   | 15298 ||| INVOKING Heroism.
 15300 | Lair:5   | 15300 ||| STAIRDANCE
 15387 | Lair:5   | 15387 ||| FLEEEEING.
 15388 | Lair:5   | 15388 ||| FLEEEEING.
 15389 | Lair:5   | 15389 ||| FLEEEEING.
 15390 | Lair:5   | 15390 ||| FLEEEEING.
 15391 | Lair:5   | 15391 ||| FLEEEEING.
 15392 | Lair:5   | 15392 ||| INVOKING Heroism.
 15402 | Lair:5   | 15402 ||| Stepping ~*~*~tactically~*~*~ (outnumbered).
 15412 | Lair:5   | 15412 ||| Stepping ~*~*~tactically~*~*~ (outnumbered).
 15415 | Lair:5   | 15415 ||| Stepping ~*~*~tactically~*~*~ (outnumbered).
 15416 | Lair:5   | 15416 ||| Stepping ~*~*~tactically~*~*~ (outnumbered).
 15418 | Lair:5   | 15418 ||| Stepping ~*~*~tactically~*~*~ (outnumbered).
 15419 | Lair:5   | 15419 ||| INVOKING Heroism.
 15420 | Lair:5   | 15420 ||| Stepping ~*~*~tactically~*~*~ (outnumbered).
 15424 | Lair:5   | 15424 ||| Stepping ~*~*~tactically~*~*~ (outnumbered).
 15425 | Lair:5   | 15425 ||| Stepping ~*~*~tactically~*~*~ (outnumbered).
 15427 | Lair:5   | 15427 ||| Stepping ~*~*~tactically~*~*~ (outnumbered).
 15586 | Lair:5   | 15586 ||| Stepping ~*~*~tactically~*~*~ (stealth).
 15588 | Lair:5   | 15588 ||| Stepping ~*~*~tactically~*~*~ (stealth).
 15590 | Lair:5   | 15590 ||| Stepping ~*~*~tactically~*~*~ (stealth).
 15592 | Lair:5   | 15592 ||| Stepping ~*~*~tactically~*~*~ (stealth).
 15594 | Lair:5   | 15594 ||| Stepping ~*~*~tactically~*~*~ (stealth).
 15610 | Lair:5   | 15610 ||| INVOKING Heroism.
 15613 | Lair:5   | 15613 ||| Stepping ~*~*~tactically~*~*~ (outnumbered).
 15615 | Lair:5   | Reached skill level 9 in Invocations
 15646 | Lair:5   | Reached XP level 14. HP: 133/133 MP: 19/19
 15673 | Lair:5   | Received a gift from Okawaru
 15691 | Lair:5   | 15691 ||| INVOKING Heroism.
 15696 | Lair:5   | 15696 ||| Stepping ~*~*~tactically~*~*~ (outnumbered).
 15697 | Lair:5   | 15697 ||| Stepping ~*~*~tactically~*~*~ (outnumbered).
 15698 | Lair:5   | 15698 ||| Stepping ~*~*~tactically~*~*~ (outnumbered).
 15699 | Lair:5   | 15699 ||| Stepping ~*~*~tactically~*~*~ (outnumbered).
 15701 | Lair:5   | 15701 ||| Stepping ~*~*~tactically~*~*~ (outnumbered).
 15703 | Lair:5   | 15703 ||| Stepping ~*~*~tactically~*~*~ (outnumbered).
 15706 | Lair:5   | 15706 ||| Stepping ~*~*~tactically~*~*~ (outnumbered).
 15707 | Lair:5   | 15707 ||| Stepping ~*~*~tactically~*~*~ (outnumbered).
 15708 | Lair:5   | 15708 ||| Stepping ~*~*~tactically~*~*~ (outnumbered).
 15709 | Lair:5   | 15709 ||| Stepping ~*~*~tactically~*~*~ (outnumbered).
 15752 | Lair:5   | 15752 ||| INVOKING Heroism.
 15794 | Lair:5   | 15794 ||| Stepping ~*~*~tactically~*~*~ (stealth).
 15808 | Lair:5   | 15808 ||| INVOKING Heroism.
 15809 | Lair:5   | 15809 ||| INVOKING Finesse.
 15838 | Lair:5   | 15838 ||| Stepping ~*~*~tactically~*~*~ (outnumbered).
 15839 | Lair:5   | 15839 ||| Stepping ~*~*~tactically~*~*~ (outnumbered).
 16066 | Lair:5   | 16066 ||| READING scroll of acquirement.
 16066 | Lair:5   | 16066 ||| ACQUIRING 730 gold pieces
 16066 | Lair:5   | Acquired 730 gold pieces
 16112 | Lair:5   | 16112 ||| INVOKING Heroism.
 16154 | Lair:5   | 16154 ||| INVOKING Heroism.
 16155 | Lair:5   | 16155 ||| INVOKING Finesse.
 16156 | Lair:5   | 16156 ||| Stepping ~*~*~tactically~*~*~ (cloud).
 16159 | Lair:5   | 16159 ||| Stepping ~*~*~tactically~*~*~ (outnumbered).
 16172 | Lair:5   | 16172 ||| Stepping ~*~*~tactically~*~*~ (stealth).
 16243 | Lair:5   | Found a viscous altar of Jiyva.
 16248 | Lair:5   | Found a staircase to the Slime Pits.
 16426 | Lair:5   | 16426 ||| Stepping ~*~*~tactically~*~*~ (stealth).
 16428 | Lair:5   | 16428 ||| Stepping ~*~*~tactically~*~*~ (stealth).
 16429 | Lair:5   | 16429 ||| Stepping ~*~*~tactically~*~*~ (stealth).
 16433 | Lair:5   | 16433 ||| Stepping ~*~*~tactically~*~*~ (outnumbered).
 16441 | Lair:5   | 16441 ||| DRINKING potion of cancellation.
 16458 | Lair:5   | 16458 ||| INVOKING Heroism.
 16459 | Lair:5   | 16459 ||| Stepping ~*~*~tactically~*~*~ (hiding).
 16460 | Lair:5   | 16460 ||| INVOKING Finesse.
 16466 | Lair:5   | Reached skill level 6 in Throwing
 16507 | Lair:5   | 16507 ||| Stepping ~*~*~tactically~*~*~ (stealth).
 16508 | Lair:5   | 16508 ||| Stepping ~*~*~tactically~*~*~ (stealth).
 16509 | Lair:5   | 16509 ||| Stepping ~*~*~tactically~*~*~ (stealth).
 16511 | Lair:5   | 16511 ||| Stepping ~*~*~tactically~*~*~ (stealth).
 16513 | Lair:5   | 16513 ||| INVOKING Heroism.
 16516 | Lair:5   | Received a gift from Okawaru
 16532 | Lair:5   | 16532 ||| Stepping ~*~*~tactically~*~*~ (stealth).
 16533 | Lair:5   | 16533 ||| INVOKING Finesse.
 16546 | Lair:5   | 16546 ||| Stepping ~*~*~tactically~*~*~ (stealth).
 16578 | Lair:5   | 16578 ||| Stepping ~*~*~tactically~*~*~ (hiding).
 16586 | Lair:5   | 16586 ||| INVOKING Heroism.
 16589 | Lair:5   | 16589 ||| INVOKING Finesse.
 16633 | Lair:5   | 16633 ||| Stepping ~*~*~tactically~*~*~ (hiding).
 16754 | Lair:5   | 16754 ||| Stepping ~*~*~tactically~*~*~ (hiding).
 16757 | Lair:5   | 16757 ||| INVOKING Heroism.
 16758 | Lair:5   | 16758 ||| INVOKING Finesse.
 16768 | Lair:5   | Received a gift from Okawaru
 16785 | Lair:5   | Reached skill level 17 in Unarmed Combat
 17184 | Lair:5   | 17184 ||| PLANNING D:1-11
 17184 | Lair:5   | 17184 ||| DROPPING ring of see invisible.
 17325 | D:11     | 17325 ||| DRINKING 5 potions of curing.
 17325 | D:11     | 17325 ||| (to cure confusion)
 17435 | D:11     | Found the +4 robe of Augmentation {Str+4 Int+4 Dex+4}
 17436 | D:11     | 17436 ||| INVOKING Heroism.
 17437 | D:11     | 17437 ||| Stepping ~*~*~tactically~*~*~ (outnumbered).
 17437 | D:11     | Received a gift from Okawaru
 17438 | D:11     | 17438 ||| Stepping ~*~*~tactically~*~*~ (hiding).
 17440 | D:11     | 17440 ||| Stepping ~*~*~tactically~*~*~ (outnumbered).
 17452 | D:11     | 17452 ||| Stepping ~*~*~tactically~*~*~ (outnumbered).
 17561 | D:11     | 17561 ||| Stepping ~*~*~tactically~*~*~ (hiding).
 17568 | D:11     | 17568 ||| INVOKING Heroism.
 17574 | D:11     | 17574 ||| Stepping ~*~*~tactically~*~*~ (stealth).
 17577 | D:11     | 17577 ||| Stepping ~*~*~tactically~*~*~ (outnumbered).
 17612 | D:11     | Received a gift from Okawaru
 17635 | D:11     | Noticed Amaemon
 17636 | D:11     | 17636 ||| Stepping ~*~*~tactically~*~*~ (hiding).
 17645 | D:11     | 17645 ||| Stepping ~*~*~tactically~*~*~ (outnumbered).
 17654 | D:11     | Killed Amaemon
 17697 | D:11     | 17697 ||| Stepping ~*~*~tactically~*~*~ (stealth).
 17699 | D:11     | 17699 ||| Stepping ~*~*~tactically~*~*~ (stealth).
 17701 | D:11     | 17701 ||| Stepping ~*~*~tactically~*~*~ (stealth).
 17707 | D:11     | 17707 ||| INVOKING Heroism.
 17735 | D:11     | 17735 ||| Stepping ~*~*~tactically~*~*~ (outnumbered).
 17738 | D:11     | 17738 ||| INVOKING Heroism.
 17739 | D:11     | 17739 ||| Stepping ~*~*~tactically~*~*~ (outnumbered).
 17743 | D:11     | 17743 ||| Stepping ~*~*~tactically~*~*~ (stealth).
 17778 | D:11     | Found a staircase to the Orcish Mines.
 17786 | D:11     | 17786 ||| INVOKING Heroism.
 17791 | D:11     | 17791 ||| Stepping ~*~*~tactically~*~*~ (outnumbered).
 17793 | D:11     | 17793 ||| Stepping ~*~*~tactically~*~*~ (outnumbered).
 17794 | D:11     | 17794 ||| Stepping ~*~*~tactically~*~*~ (outnumbered).
 17845 | D:11     | Received a gift from Okawaru
 17846 | D:11     | Found the +4 skin of Zhor {*Englaciate rC+++ SInv}
 17848 | D:11     | Found a snail-covered altar of Cheibriados.
 18043 | D:11     | 18043 ||| PLANNING D
 18079 | D:12     | 18079 ||| Stepping ~*~*~tactically~*~*~ (hiding).
 18204 | D:12     | 18204 ||| Stepping ~*~*~tactically~*~*~ (hiding).
 18279 | D:12     | You fall into a shaft and drop 2 floors!
 18296 | D:13     | 18296 ||| Stepping ~*~*~tactically~*~*~ (stealth).
 18298 | D:13     | 18298 ||| Stepping ~*~*~tactically~*~*~ (stealth).
 18301 | D:13     | 18301 ||| INVOKING Heroism.
 18385 | D:12     | 18385 ||| Stepping ~*~*~tactically~*~*~ (stealth).
 18387 | D:12     | 18387 ||| INVOKING Heroism.
 18390 | D:12     | 18390 ||| Stepping ~*~*~tactically~*~*~ (outnumbered).
 18391 | D:12     | 18391 ||| Stepping ~*~*~tactically~*~*~ (outnumbered).
 18392 | D:12     | 18392 ||| Stepping ~*~*~tactically~*~*~ (outnumbered).
 18393 | D:12     | 18393 ||| Stepping ~*~*~tactically~*~*~ (outnumbered).
 18403 | D:12     | 18403 ||| Stepping ~*~*~tactically~*~*~ (outnumbered).
 18567 | D:12     | 18567 ||| Stepping ~*~*~tactically~*~*~ (hiding).
 18568 | D:12     | 18568 ||| Stepping ~*~*~tactically~*~*~ (hiding).
 18649 | D:12     | Reached skill level 18 in Unarmed Combat
 18863 | D:12     | Reached XP level 15. HP: 112/140 MP: 21/21
 19325 | D:13     | 19325 ||| INVOKING Heroism.
 19369 | D:13     | 19369 ||| Stepping ~*~*~tactically~*~*~ (hiding).
 19513 | D:13     | 19513 ||| INVOKING Heroism.
 19514 | D:13     | 19514 ||| Stepping ~*~*~tactically~*~*~ (hiding).
 19515 | D:13     | 19515 ||| READING 4 scrolls of teleportation.
 19636 | D:13     | Noticed a tengu reaver
 19645 | D:13     | 19645 ||| INVOKING Heroism.
 19648 | D:13     | Killed a tengu reaver
 19847 | D:13     | 19847 ||| INVOKING Heroism.
 19852 | D:13     | 19852 ||| READING 3 scrolls of teleportation.
 19901 | D:13     | 19901 ||| INVOKING Heroism.
 19905 | D:13     | 19905 ||| READING 2 scrolls of teleportation.
 19962 | D:13     | 19962 ||| Stepping ~*~*~tactically~*~*~ (stealth).
 19964 | D:13     | 19964 ||| Stepping ~*~*~tactically~*~*~ (stealth).
 19968 | D:13     | 19968 ||| Stepping ~*~*~tactically~*~*~ (stealth).
 19970 | D:13     | 19970 ||| INVOKING Heroism.
 19972 | D:13     | 19972 ||| READING scroll of teleportation.
 19994 | D:13     | 19994 ||| Stepping ~*~*~tactically~*~*~ (outnumbered).
 19997 | D:13     | Reached skill level 12 in Shields
 20062 | D:14     | 20062 ||| Stepping ~*~*~tactically~*~*~ (stealth).
 20066 | D:14     | 20066 ||| Stepping ~*~*~tactically~*~*~ (stealth).
 20072 | D:14     | 20072 ||| Stepping ~*~*~tactically~*~*~ (hiding).
 20073 | D:14     | 20073 ||| Stepping ~*~*~tactically~*~*~ (hiding).
 20118 | D:14     | Found Vyalios's Book Boutique.
 20131 | D:14     | 20131 ||| Stepping ~*~*~tactically~*~*~ (stealth).
 20134 | D:14     | 20134 ||| Stepping ~*~*~tactically~*~*~ (outnumbered).
 20135 | D:14     | 20135 ||| INVOKING Heroism.
 20136 | D:14     | 20136 ||| Stepping ~*~*~tactically~*~*~ (outnumbered).
 20141 | D:14     | 20141 ||| Stepping ~*~*~tactically~*~*~ (outnumbered).
 20274 | D:14     | 20274 ||| Stepping ~*~*~tactically~*~*~ (hiding).
 20279 | D:14     | 20279 ||| INVOKING Heroism.
 20286 | D:14     | 20286 ||| Stepping ~*~*~tactically~*~*~ (hiding).
 20691 | D:14     | Received a gift from Okawaru
 20839 | D:14     | Found a gate to the Vaults.
 20912 | D:14     | Found an iron altar of Okawaru.
 21047 | D:14     | 21047 ||| READING 26 scrolls of identify.
 21047 | D:14     | 21047 ||| IDENTIFYING metallic black potion
 21120 | D:15     | Entered Level 15 of the Dungeon
 21180 | D:15     | 21180 ||| INVOKING Heroism.
 21299 | D:15     | 21299 ||| Stepping ~*~*~tactically~*~*~ (stealth).
 21301 | D:15     | 21301 ||| Stepping ~*~*~tactically~*~*~ (stealth).
 21304 | D:15     | 21304 ||| Stepping ~*~*~tactically~*~*~ (hiding).
 21307 | D:15     | 21307 ||| INVOKING Heroism.
 21315 | D:15     | 21315 ||| Stepping ~*~*~tactically~*~*~ (hiding).
 21332 | D:15     | Found a staircase to the Depths.
 21357 | D:15     | 21357 ||| INVOKING Heroism.
 21358 | D:15     | 21358 ||| INVOKING Finesse.
 21474 | D:15     | 21474 ||| Stepping ~*~*~tactically~*~*~ (cloud).
 21480 | D:15     | 21480 ||| Stepping ~*~*~tactically~*~*~ (hiding).
 21484 | D:15     | 21484 ||| Stepping ~*~*~tactically~*~*~ (cloud).
 21571 | D:15     | 21571 ||| Stepping ~*~*~tactically~*~*~ (stealth).
 21945 | D:15     | 21945 ||| PLANNING ORC
 22062 | Orc:1    | Entered Level 1 of the Orcish Mines
 22063 | Orc:1    | 22063 ||| INVOKING Heroism.
 22161 | Orc:1    | 22161 ||| INVOKING Heroism.
 22165 | Orc:1    | 22165 ||| Stepping ~*~*~tactically~*~*~ (outnumbered).
 22166 | Orc:1    | 22166 ||| Stepping ~*~*~tactically~*~*~ (outnumbered).
 22167 | Orc:1    | 22167 ||| Stepping ~*~*~tactically~*~*~ (outnumbered).
 22168 | Orc:1    | 22168 ||| Stepping ~*~*~tactically~*~*~ (outnumbered).
 22286 | Orc:2    | Entered Level 2 of the Orcish Mines
 22286 | Orc:2    | Found Geihud's Book Shoppe.
 22288 | Orc:2    | Reached skill level 19 in Unarmed Combat
 22317 | Orc:2    | 22317 ||| STAIRDANCE
 22329 | Orc:2    | 22329 ||| STAIRDANCE
 22331 | Orc:1    | 22331 ||| Stepping ~*~*~tactically~*~*~ (outnumbered).
 22332 | Orc:1    | 22332 ||| Stepping ~*~*~tactically~*~*~ (outnumbered).
 22368 | Orc:2    | 22368 ||| STAIRDANCE
 22370 | Orc:1    | 22370 ||| Stepping ~*~*~tactically~*~*~ (outnumbered).
 22371 | Orc:1    | 22371 ||| Stepping ~*~*~tactically~*~*~ (outnumbered).
 22372 | Orc:1    | 22372 ||| Stepping ~*~*~tactically~*~*~ (outnumbered).
 22373 | Orc:1    | 22373 ||| Stepping ~*~*~tactically~*~*~ (outnumbered).
 22374 | Orc:1    | 22374 ||| Stepping ~*~*~tactically~*~*~ (outnumbered).
 22375 | Orc:1    | 22375 ||| Stepping ~*~*~tactically~*~*~ (outnumbered).
 22376 | Orc:1    | 22376 ||| Stepping ~*~*~tactically~*~*~ (outnumbered).
 22377 | Orc:1    | 22377 ||| Stepping ~*~*~tactically~*~*~ (outnumbered).
 22392 | Orc:2    | 22392 ||| INVOKING Heroism.
 22468 | Orc:2    | 22468 ||| Stepping ~*~*~tactically~*~*~ (hiding).
 22471 | Orc:2    | 22471 ||| INVOKING Heroism.
 22479 | Orc:2    | 22479 ||| Stepping ~*~*~tactically~*~*~ (outnumbered).
 22480 | Orc:2    | 22480 ||| Stepping ~*~*~tactically~*~*~ (outnumbered).
 22564 | Orc:2    | 22564 ||| Stepping ~*~*~tactically~*~*~ (stealth).
 22578 | Orc:2    | 22578 ||| Stepping ~*~*~tactically~*~*~ (hiding).
 22581 | Orc:2    | 22581 ||| Stepping ~*~*~tactically~*~*~ (hiding).
 22582 | Orc:2    | 22582 ||| Stepping ~*~*~tactically~*~*~ (hiding).
 22583 | Orc:2    | 22583 ||| INVOKING Heroism.
 22588 | Orc:2    | 22588 ||| Stepping ~*~*~tactically~*~*~ (stealth).
 22598 | Orc:2    | 22598 ||| Stepping ~*~*~tactically~*~*~ (hiding).
 22600 | Orc:2    | 22600 ||| Stepping ~*~*~tactically~*~*~ (hiding).
 22601 | Orc:2    | 22601 ||| Stepping ~*~*~tactically~*~*~ (hiding).
 22604 | Orc:2    | 22604 ||| INVOKING Heroism.
 22611 | Orc:2    | 22611 ||| Stepping ~*~*~tactically~*~*~ (hiding).
 22617 | Orc:2    | 22617 ||| Stepping ~*~*~tactically~*~*~ (outnumbered).
 22625 | Orc:2    | 22625 ||| Stepping ~*~*~tactically~*~*~ (outnumbered).
 22626 | Orc:2    | 22626 ||| Stepping ~*~*~tactically~*~*~ (outnumbered).
 22628 | Orc:2    | Paralysed by an orc sorcerer for 5 turns
 22633 | Orc:2    | Gained mutation: Potions are less effective at restoring
                  | your health. [a neqoxec]
 22634 | Orc:2    | 22634 ||| Stepping ~*~*~tactically~*~*~ (outnumbered).
 22685 | Orc:2    | 22685 ||| FLEEEEING.
 22704 | Orc:2    | 22704 ||| DRINKING potion of mutation.
 22704 | Orc:2    | Lost mutation: Potions are less effective at restoring your
                  | health. [potion of mutation]
 22704 | Orc:2    | Gained mutation: You are somewhat resistant to further
                  | mutation. [potion of mutation]
 22712 | Orc:2    | 22712 ||| INVOKING Heroism.
 22718 | Orc:2    | Reached skill level 9 in Fighting
 22733 | Orc:2    | Found Neviuhef's Armour Shop.
 22733 | Orc:2    | Found Tigaceazeq's General Store.
 22735 | Orc:2    | Found Binusie's General Store.
 22735 | Orc:2    | Found Xiah's Jewellery Emporium.
 22745 | Orc:2    | 22745 ||| BUYING ring of fire (325 gold).
 22745 | Orc:2    | Bought a ring of fire for 325 gold pieces
 22745 | Orc:2    | 22745 ||| BUYING ring of poison resistance (260 gold).
 22745 | Orc:2    | Bought a ring of poison resistance for 260 gold pieces
 22745 | Orc:2    | 22745 ||| BUYING ring of protection from fire (325 gold).
 22745 | Orc:2    | Bought a ring of protection from fire for 325 gold pieces
 22745 | Orc:2    | 22745 ||| BUYING ring of protection from fire (325 gold).
 22745 | Orc:2    | Bought a ring of protection from fire for 325 gold pieces
 22747 | Orc:2    | 22747 ||| BUYING ring of poison resistance (320 gold).
 22747 | Orc:2    | Bought a ring of poison resistance for 320 gold pieces
 22769 | Orc:2    | 22769 ||| Stepping ~*~*~tactically~*~*~ (hiding).
 22770 | Orc:2    | 22770 ||| Stepping ~*~*~tactically~*~*~ (hiding).
 22773 | Orc:2    | 22773 ||| Stepping ~*~*~tactically~*~*~ (hiding).
 22777 | Orc:2    | 22777 ||| DRINKING 7 potions of curing.
 22777 | Orc:2    | 22777 ||| (to cure confusion)
 22854 | Orc:2    | 22854 ||| Stepping ~*~*~tactically~*~*~ (stealth).
 22856 | Orc:2    | 22856 ||| Stepping ~*~*~tactically~*~*~ (stealth).
 22912 | Orc:2    | 22912 ||| INVOKING Heroism.
 22913 | Orc:2    | 22913 ||| INVOKING Finesse.
 22976 | Orc:2    | Found a staircase to the Elven Halls.
 23030 | Orc:2    | 23030 ||| Stepping ~*~*~tactically~*~*~ (stealth).
 23034 | Orc:2    | Found Bituvius's Armour Shoppe.
 23049 | Orc:2    | 23049 ||| BUYING +2 hat (208 gold).
 23049 | Orc:2    | Bought a +2 hat for 208 gold pieces
 23069 | Orc:2    | 23069 ||| Stepping ~*~*~tactically~*~*~ (stealth).
 23070 | Orc:2    | 23070 ||| Stepping ~*~*~tactically~*~*~ (stealth).
 23112 | Orc:2    | Found Luxuumez's Antique Armour Emporium.
 23197 | Orc:2    | Found Atesedus's Antique Weapon Shop.
 23360 | Orc:2    | 23360 ||| UPGRADING to +2 hat.
 23365 | Orc:2    | 23365 ||| DROPPING ring of fire.
 23530 | Orc:1    | 23530 ||| Stepping ~*~*~tactically~*~*~ (stealth).
 23536 | Orc:1    | 23536 ||| Stepping ~*~*~tactically~*~*~ (hiding).
 23751 | Orc:1    | 23751 ||| PLANNING SHOALS:1-3
 23945 | Shoals:1 | Entered Level 1 of the Shoals
 23976 | Shoals:1 | 23976 ||| INVOKING Heroism.
 23990 | Shoals:1 | Reached XP level 16. HP: 141/156 MP: 22/22
 24009 | Shoals:1 | 24009 ||| INVOKING Heroism.
 24014 | Shoals:1 | 24014 ||| Stepping ~*~*~tactically~*~*~ (outnumbered).
 24061 | Shoals:1 | 24061 ||| Stepping ~*~*~tactically~*~*~ (outnumbered).
 24063 | Shoals:1 | 24063 ||| Stepping ~*~*~tactically~*~*~ (outnumbered).
 24069 | Shoals:1 | 24069 ||| Stepping ~*~*~tactically~*~*~ (outnumbered).
 24070 | Shoals:1 | 24070 ||| Stepping ~*~*~tactically~*~*~ (outnumbered).
 24077 | Shoals:1 | 24077 ||| INVOKING Heroism.
 24222 | Shoals:1 | 24222 ||| INVOKING Heroism.
 24225 | Shoals:1 | 24225 ||| Stepping ~*~*~tactically~*~*~ (outnumbered).
 24226 | Shoals:1 | 24226 ||| Stepping ~*~*~tactically~*~*~ (outnumbered).
 24227 | Shoals:1 | 24227 ||| Stepping ~*~*~tactically~*~*~ (outnumbered).
 24230 | Shoals:1 | 24230 ||| Stepping ~*~*~tactically~*~*~ (outnumbered).
 24365 | Shoals:1 | 24365 ||| INVOKING Heroism.
 24367 | Shoals:1 | 24367 ||| Stepping ~*~*~tactically~*~*~ (outnumbered).
 24368 | Abyss:2  | Cast into level 2 of the Abyss (merfolk)
 24376 | Abyss:2  | Found a corrupted altar of Lugonu.
 24404 | Abyss:2  | 24404 ||| Stepping ~*~*~tactically~*~*~ (stealth).
 24406 | Abyss:2  | 24406 ||| Stepping ~*~*~tactically~*~*~ (stealth).
 24411 | Abyss:2  | 24411 ||| Stepping ~*~*~tactically~*~*~ (stealth).
 24412 | Abyss:2  | 24412 ||| INVOKING Heroism.
 24508 | Abyss:3  | Noticed a lich
 24509 | Abyss:3  | 24509 ||| INVOKING Heroism.
 24510 | Abyss:3  | 24510 ||| INVOKING Finesse.
 24517 | Abyss:3  | Noticed a tentacled starspawn
 24518 | Abyss:3  | 24518 ||| Stepping ~*~*~tactically~*~*~ (hiding).
 24522 | Abyss:3  | 24522 ||| Stepping ~*~*~tactically~*~*~ (outnumbered).
 24523 | Abyss:3  | 24523 ||| Stepping ~*~*~tactically~*~*~ (outnumbered).
 24527 | Abyss:3  | Killed a tentacled starspawn
 24541 | Abyss:3  | Gained mutation: Your body sometimes deteriorates upon
                  | taking damage. [a neqoxec]
 24545 | Abyss:3  | Gained mutation: Your magical capacity is low. (-10% MP) [a
                  | neqoxec]
 24556 | Abyss:3  | HP: 3/156 [something/bolt of cold (111)]
 24557 | Abyss:3  | Killed a lich
 24594 | Abyss:3  | Found a corrupted altar of Lugonu.
 24603 | Abyss:3  | 24603 ||| INVOKING Heroism.
 24671 | Abyss:3  | 24671 ||| INVOKING Heroism.
 24684 | Abyss:3  | Reached skill level 20 in Unarmed Combat
 24687 | Shoals:1 | Escaped the Abyss
 24690 | Shoals:1 | HP: 39/156 [merfolk impaler/+0 trident (10)]
 24691 | Shoals:1 | 24691 ||| READING 2 scrolls of teleportation.
 24832 | Shoals:1 | 24832 ||| INVOKING Heroism.
 24847 | Shoals:1 | Received a gift from Okawaru
 25084 | Shoals:1 | 25084 ||| INVOKING Heroism.
 25086 | Shoals:1 | 25086 ||| Stepping ~*~*~tactically~*~*~ (outnumbered).
 25087 | Shoals:1 | 25087 ||| Stepping ~*~*~tactically~*~*~ (outnumbered).
 25095 | Shoals:1 | 25095 ||| Stepping ~*~*~tactically~*~*~ (cloud).
 25107 | Shoals:1 | 25107 ||| Stepping ~*~*~tactically~*~*~ (outnumbered).
 25112 | Shoals:1 | 25112 ||| Stepping ~*~*~tactically~*~*~ (outnumbered).
 25390 | Shoals:2 | Reached skill level 9 in Throwing
 25454 | Shoals:2 | 25454 ||| INVOKING Heroism.
 25454 | Shoals:2 | Noticed Kirke
 25455 | Shoals:2 | 25455 ||| INVOKING Finesse.
 25458 | Shoals:2 | 25458 ||| Stepping ~*~*~tactically~*~*~ (outnumbered).
 25459 | Shoals:2 | 25459 ||| Stepping ~*~*~tactically~*~*~ (outnumbered).
 25460 | Shoals:2 | 25460 ||| Stepping ~*~*~tactically~*~*~ (outnumbered).
 25465 | Shoals:2 | 25465 ||| Stepping ~*~*~tactically~*~*~ (outnumbered).
 25466 | Shoals:2 | 25466 ||| Stepping ~*~*~tactically~*~*~ (outnumbered).
 25493 | Shoals:2 | Killed Kirke
 25496 | Shoals:2 | Gained mutation: You are dopey. (Int -2) [mutagenic glow]
 25515 | Shoals:2 | Gained mutation: You are very dopey. (Int -4) [mutagenic
                  | glow]
 25599 | Shoals:2 | 25599 ||| INVOKING Heroism.
 25682 | Shoals:2 | Received a gift from Okawaru
 25761 | Shoals:2 | 25761 ||| Stepping ~*~*~tactically~*~*~ (stealth).
 25762 | Shoals:2 | 25762 ||| Stepping ~*~*~tactically~*~*~ (stealth).
 25779 | Shoals:2 | 25779 ||| Stepping ~*~*~tactically~*~*~ (hiding).
 25783 | Shoals:2 | 25783 ||| INVOKING Heroism.
 25790 | Shoals:2 | 25790 ||| Stepping ~*~*~tactically~*~*~ (hiding).
 25795 | Shoals:2 | Received a gift from Okawaru
 26054 | Shoals:2 | 26054 ||| READING scroll of teleportation.
 26088 | Shoals:3 | 26088 ||| INVOKING Heroism.
 26192 | Shoals:3 | 26192 ||| Stepping ~*~*~tactically~*~*~ (hiding).
 26199 | Shoals:3 | 26199 ||| INVOKING Heroism.
 26327 | Shoals:3 | Reached skill level 21 in Unarmed Combat
 26430 | Shoals:3 | Reached XP level 17. HP: 154/162 MP: 21/21
 26432 | Shoals:3 | 26432 ||| INVOKING Heroism.
 26481 | Shoals:3 | 26481 ||| INVOKING Heroism.
 26487 | Shoals:3 | Reached skill level 6 in Armour
 26870 | Shoals:3 | 26870 ||| Stepping randomly (stuck).
 26914 | Shoals:4 | Entered Level 4 of the Shoals
 26915 | Shoals:4 | 26915 ||| INVOKING Heroism.
 26947 | Shoals:4 | HP: 38/163 [merfolk/+0 spear[a merfolk impaler] (8)]
 26948 | Shoals:4 | 26948 ||| DRINKING 6 potions of heal wounds.
 26951 | Shoals:4 | HP: 9/163 [merfolk impaler/+4 trident of venom (16)]
 26952 | Shoals:4 | 26952 ||| DRINKING 5 potions of heal wounds.
 26953 | Shoals:4 | 26953 ||| DRINKING 4 potions of heal wounds.
 26956 | Shoals:4 | HP: 39/163 [merfolk impaler/+4 trident of venom (11)]
 26957 | Shoals:4 | 26957 ||| DRINKING 3 potions of heal wounds.
 26962 | Shoals:4 | HP: 40/163 [poisoned by a merfolk impaler]
 26963 | Shoals:4 | 26963 ||| DRINKING 2 potions of heal wounds.
 26966 | Shoals:4 | 26966 ||| DRINKING potion of heal wounds.
 26967 | Shoals:4 | HP: 39/163 [poisoned by a merfolk impaler]
 26972 | Shoals:4 | HP: 38/163 [poisoned by a merfolk impaler]
 26975 | Shoals:4 | Reached ****** piety under Okawaru
 26979 | Shoals:4 | HP: 11/163 [snapping turtle (19)]
 27141 | Shoals:4 | 27141 ||| INVOKING Heroism.
 27142 | Shoals:4 | 27142 ||| Stepping ~*~*~tactically~*~*~ (outnumbered).
 27146 | Shoals:4 | Identified the +10 sling of Gilap {flame, rN+++ Will+ Str-4
                  | Int-4} (Okawaru gifted it to you on level 4 of the Shoals)
 27146 | Shoals:4 | Received a gift from Okawaru
 27244 | Shoals:4 | 27244 ||| INVOKING Heroism.
 27310 | Shoals:4 | 27310 ||| Stepping ~*~*~tactically~*~*~ (stealth).
 27313 | Shoals:4 | 27313 ||| Stepping ~*~*~tactically~*~*~ (stealth).
 27358 | Shoals:4 | 27358 ||| INVOKING Heroism.
 27359 | Shoals:4 | 27359 ||| INVOKING Finesse.
 27539 | Shoals:4 | 27539 ||| INVOKING Heroism.
 27543 | Shoals:4 | Noticed Ilsuiw
 27544 | Shoals:4 | 27544 ||| INVOKING Finesse.
 27546 | Shoals:4 | 27546 ||| Stepping ~*~*~tactically~*~*~ (outnumbered).
 27585 | Shoals:4 | 27585 ||| Stepping ~*~*~tactically~*~*~ (outnumbered).
 27586 | Shoals:4 | 27586 ||| INVOKING Heroism.
 27587 | Shoals:4 | 27587 ||| Stepping ~*~*~tactically~*~*~ (outnumbered).
 27594 | Shoals:4 | 27594 ||| Stepping ~*~*~tactically~*~*~ (outnumbered).
 27599 | Shoals:4 | 27599 ||| Stepping ~*~*~tactically~*~*~ (outnumbered).
 27600 | Shoals:4 | 27600 ||| Stepping ~*~*~tactically~*~*~ (outnumbered).
 27607 | Shoals:4 | Killed Ilsuiw
 27736 | Shoals:4 | 27736 ||| Stepping ~*~*~tactically~*~*~ (hiding).
 27805 | Shoals:4 | Noticed a kraken
 27806 | Shoals:4 | 27806 ||| INVOKING Heroism.
 27807 | Shoals:4 | 27807 ||| Stepping ~*~*~tactically~*~*~ (outnumbered).
 27822 | Shoals:4 | 27822 ||| Stepping ~*~*~tactically~*~*~ (outnumbered).
 27827 | Shoals:4 | 27827 ||| Stepping ~*~*~tactically~*~*~ (outnumbered).
 27832 | Shoals:4 | 27832 ||| Stepping ~*~*~tactically~*~*~ (outnumbered).
 27840 | Shoals:4 | 27840 ||| Stepping ~*~*~tactically~*~*~ (outnumbered).
 27841 | Shoals:4 | 27841 ||| Stepping ~*~*~tactically~*~*~ (outnumbered).
 27842 | Shoals:4 | 27842 ||| Stepping ~*~*~tactically~*~*~ (outnumbered).
 27844 | Shoals:4 | 27844 ||| Stepping ~*~*~tactically~*~*~ (outnumbered).
 27846 | Shoals:4 | 27846 ||| INVOKING Heroism.
 27847 | Shoals:4 | 27847 ||| Stepping ~*~*~tactically~*~*~ (outnumbered).
 27864 | Shoals:4 | 27864 ||| Stepping ~*~*~tactically~*~*~ (outnumbered).
 27867 | Shoals:4 | Killed a kraken
 27888 | Shoals:4 | 27888 ||| Stepping ~*~*~tactically~*~*~ (hiding).
 27890 | Shoals:4 | 27890 ||| INVOKING Heroism.
 27891 | Shoals:4 | 27891 ||| INVOKING Finesse.
 28017 | Shoals:4 | 28017 ||| INVOKING Heroism.
 28018 | Shoals:4 | 28018 ||| INVOKING Finesse.
 28045 | Shoals:4 | Received a gift from Okawaru
 28100 | Shoals:4 | 28100 ||| INVOKING Heroism.
 28101 | Shoals:4 | 28101 ||| INVOKING Finesse.
 28116 | Shoals:4 | Found Sourgh's Armour Boutique.
 28165 | Shoals:4 | 28165 ||| INVOKING Heroism.
 28166 | Shoals:4 | 28166 ||| INVOKING Finesse.
 28233 | Shoals:4 | 28233 ||| Stepping ~*~*~tactically~*~*~ (outnumbered).
 28236 | Shoals:4 | 28236 ||| Stepping ~*~*~tactically~*~*~ (outnumbered).
 28274 | Shoals:4 | 28274 ||| INVOKING Heroism.
 28275 | Shoals:4 | 28275 ||| INVOKING Finesse.
 28284 | Shoals:4 | Received a gift from Okawaru
 28303 | Shoals:4 | HP: 37/166 [snapping turtle (13)]
 28304 | Shoals:4 | 28304 ||| READING scroll of teleportation.
 28305 | Shoals:4 | 28305 ||| DRINKING potion of heal wounds.
 28308 | Shoals:4 | HP: 41/166 [poisoned by a merfolk impaler]
 28448 | Shoals:4 | Got a barnacled rune of Zot
 28595 | Shoals:3 | 28595 ||| Stepping randomly (stuck).
 28796 | Shoals:3 | 28796 ||| PLANNING SNAKE:1-3
 28938 | Snake:1  | Entered Level 1 of the Snake Pit
 28945 | Snake:1  | 28945 ||| INVOKING Heroism.
 28949 | Snake:1  | Reached skill level 22 in Unarmed Combat
 28949 | Snake:1  | Noticed Josephine
 28950 | Snake:1  | HP: 37/166 [shock serpent/bolt of electricity (17)]
 28951 | Snake:1  | HP: 17/166 [shock serpent/bolt of electricity (11)]
 28954 | Snake:1  | 28954 ||| Stepping ~*~*~tactically~*~*~ (outnumbered).
 28954 | Snake:1  | HP: 3/166 [shock serpent/bolt of electricity (17)]
 28954 | Snake:1  | Killed from afar by a shock serpent

Levels and vault maps discovered:
D:1:      saegor_arrival_simple_a, layout_loops_ring, serial_forest,
          infiniplex_forest_lined_room_2, infiniplex_forest_join,
          infiniplex_forest_clump_diagonal, infiniplex_forest_lined_3_way,
          infiniplex_forest_zigzag_2, infiniplex_forest_lined_2,
          infiniplex_forest_lined_3, infiniplex_forest_lined_room_3
D:2:      wad_crossroads, layout_basic, grunt_decor_arrowhead,
          minmay_misc_feat_tiny, kennysheep_big_empty_room
D:3:      layout_basic, yredelemnul_forgotten_temple_becter,
          dreamdust_ecumenical_altar_statues, gammafunk_ghost_stat_death,
          uniq_terence
D:4:      layout_basic, uniq_natasha
D:5:      layout_basic, serial_shops, nicolae_shop_hallway_plus,
          uniq_blork_the_orc
D:6:      layout_loops_ring, grunt_gozag_statues, serial_undead,
          serial_undead_d, serial_undead_c, serial_undead_a, serial_undead_f,
          serial_undead_c, serial_undead_e, serial_undead_c, serial_undead_b,
          uniq_eustachio
D:7:      layout_layer_cave, temple_green, serial_shops, kennysheep_mini,
          minmay_shop_grid_forest, uniq_joseph, uniq_prince_ribbit1
D:8:      layout_loops_corners, ebering_ghost_rock_garden, st_stairs_3,
          minmay_misc_feat_enclosed, dreamdust_wishing_well, minmay_checkerbox
D:9:      layout_big_octagon, minitemple, erik_lair_island, serial_gnoll_camp,
          gnoll_camp_mini_sergeant, grums_kennel, gnoll_camp_medium_02,
          gnoll_camp_mini_hut, gnoll_camp_mini_basic,
          dreamdust_princess_corridor, grunt_ministairs_4, uniq_grum
D:10:     gammafunk_sealed_arena, layout_layer_cave, uniq_sonja
D:11:     layout_basic, zombieorc2_lemuel, cheibriados_altar_1, uniq_amaemon
D:12:     minmay_evil_eye, layout_basic
D:13:     layout_roguey, minmay_evil_grid
D:14:     layout_basic, david_vaults_5, basic_altar, serial_shops,
          kennysheep_little_box, minmay_librarian
D:15:     gammafunk_depths_entry_grave, layout_loops_cross, wad_floor_pattern_2
Temple:   nicolae_temple_bog_church
Lair:1:   cheibrodos_lair_river_kwai, layout_small_grid, guppyfry_lair_drakes,
          serial_bayou_shore_a
Lair:2:   layout_regular_city, dummy_snake_entry, infiniplex_staircase_pool
Lair:3:   layout_roguey, minmay_shoals_entry_lonely_mermaid, basic_altar,
          minmay_lair_oklob_items, nicolae_lair_grove_arrangements,
          chequers_serial_rivers_small_a, chequers_serial_rivers_micro_d
Lair:4:   layout_regular_city, portal_ice_cave_rime
Lair:5:   hangedman_lair_tendril_chambers, layout_regular_city,
          hangedman_lair_in_review, dpeg_slime_entry_corner
Shoals:1: layout_shoals, nicolae_shoals_spectral_cove
Shoals:2: layout_shoals, uniq_kirke
Shoals:3: layout_shoals, nicolae_shoals_hidden_pirate_stash
Shoals:4: shoals_end_simple, layout_shoals, shoals_ilsuiw_alternative,
          serial_shops, nicolae_shop_statue_plus
Snake:1:  layout_misc_corridors, st_stairs_9, uniq_josephine, uniq_azrael
Orc:1:    layout_caves
Orc:2:    grunt_orc_tribal_feast, layout_caves, serial_shops,
          nicolae_shop_window_shopping, shop, nicolae_shop_trees,
          nicolae_shop_crystal

Skill      XL: |  1  2  3  4  5  6  7  8  9 10 11 12 13 14 15 16 17 |
---------------+----------------------------------------------------+-----
Unarmed Combat | 4 5 13 14 16 18 19 21 22 | 22.0
Throwing       | 1 2 3 5 7 8 9 |  9.0
Fighting       | 3 4 5 6 7 9 10 | 10.0
Dodging        | 1 2 |  2.1
Shields        | 5 9 10 11 12 13 | 13.7
Armour         | 1 2 4 5 6 |  6.0
Invocations    | 2 5 9 10 | 10.0
Spellcasting   | |  1.0
Fire Magic     | |  2.1

Action                   |  1- 3 |  4- 6 |  7- 9 | 10-12 | 13-15 | 16-18 || total
-------------------------+-------+-------+-------+-------+-------+-------++-------
Melee: Unarmed           |   101 |    91 |   209 |   565 |   966 |   758 ||  2690
       Punch             |     3 |     2 |     4 |       |       |       ||     9
Throw: Javelin           |     9 |    22 |    56 |    68 |    39 |       ||   194
       Boomerang         |       |    16 |    11 |    61 |    21 |       ||   109
       Large rock        |       |       |       |       |   100 |    57 ||   157
Invok: Fiery Armour      |       |     1 |     2 |     9 |       |       ||    12
       Heroism           |       |       |       |    13 |    48 |    31 ||    92
       Finesse           |       |       |       |     1 |    10 |     9 ||    20
  Use: Scroll            |     7 |     3 |    12 |     5 |     8 |     3 ||    38
       Potion            |     1 |     2 |     2 |     4 |     5 |     7 ||    21
 Stab: Sleeping          |       |       |       |     1 |       |       ||     1
       Petrified         |       |       |       |       |     2 |       ||     2
Armor: Robe              |    22 |    33 |    42 |   101 |       |       ||   198
       Troll leather arm |       |       |       |    69 |       |       ||    69
       Fire dragon scale |       |       |       |       |   308 |   377 ||   685
Dodge: Dodged            |    21 |    30 |    51 |   108 |   137 |   143 ||   490
Block: Kite shield       |       |       |    47 |   441 |   613 |   629 ||  1730
       Reflection        |       |       |     9 |    19 |    59 |    30 ||   117

Table legend:
 A = Non-vault XP
 B = Vault XP
 C = Vault XP percentage of total XP
 D = Non-vault monster count
 E = Vault monster count
 F = Vault count percentage of total count
                 A         B        C        D         E       F
            +---------+---------+-------+---------+---------+-------
      Total |  179801 |   90322 |  33.4 |     697 |     287 |  29.2
            +---------+---------+-------+---------+---------+-------
        D:1 |      27 |       0 |   0.0 |      16 |       0 |   0.0
        D:2 |      53 |       9 |  14.5 |      23 |       4 |  14.8
        D:3 |     102 |      37 |  26.6 |      22 |       2 |   8.3
        D:4 |     355 |      36 |   9.2 |      30 |       1 |   3.2
        D:5 |     836 |      99 |  10.6 |      16 |       1 |   5.9
        D:6 |     634 |     839 |  57.0 |      26 |      11 |  29.7
        D:7 |    1028 |     754 |  42.3 |      16 |       2 |  11.1
        D:8 |    1709 |     722 |  29.7 |      24 |       6 |  20.0
        D:9 |    2846 |    2228 |  43.9 |      40 |      43 |  51.8
       D:10 |    1806 |     106 |   5.5 |      11 |       1 |   8.3
       D:11 |    6694 |    2192 |  24.7 |      28 |      38 |  57.6
       D:12 |    6920 |     694 |   9.1 |      20 |       3 |  13.0
       D:13 |    6838 |    5828 |  46.0 |      20 |       9 |  31.0
       D:14 |    7791 |    1489 |  16.0 |      20 |       2 |   9.1
       D:15 |    8929 |    6379 |  41.7 |      20 |       8 |  28.6
     Lair:1 |    5504 |    2381 |  30.2 |      21 |       7 |  25.0
     Lair:2 |    6207 |       0 |   0.0 |      23 |       0 |   0.0
     Lair:3 |   15987 |     490 |   3.0 |      42 |       1 |   2.3
     Lair:4 |    8494 |     724 |   7.9 |      34 |       2 |   5.6
     Lair:5 |    9751 |   20835 |  68.1 |      27 |      58 |  68.2
   Shoals:1 |   14823 |    7465 |  33.5 |      34 |      13 |  27.7
   Shoals:2 |   16805 |    2110 |  11.2 |      32 |       5 |  13.5
   Shoals:3 |   15893 |     758 |   4.6 |      31 |       1 |   3.1
   Shoals:4 |   22312 |   23632 |  51.4 |      46 |      37 |  44.6
    Snake:1 |    1252 |    1240 |  49.8 |       2 |       2 |  50.0
      Orc:1 |    2021 |       0 |   0.0 |      30 |       0 |   0.0
      Orc:2 |    2882 |    7523 |  72.3 |      16 |      29 |  64.4
    Abyss:2 |    2213 |       0 |   0.0 |      10 |       0 |   0.0
    Abyss:3 |    9089 |    1752 |  16.2 |      17 |       1 |   5.6
            +---------+---------+-------+---------+---------+-------
